 Dungeon Crawl Stone Soup version 0.31-a0-229-g1fc7ce93e2 (webtiles) character file.

Game seed: 11399705318322837008

2281 qw the Skirmisher (level 9, -1/55 HPs)
             Began as a Gargoyle Hexslinger on July 6, 2023.
             Was a Follower of Okawaru.
             Slain by a boulder beetle (39 damage)
             ... on level 7 of the Dungeon.
             The game lasted 00:02:25 (5453 turns).

qw the Skirmisher (Gargoyle Hexslinger)             Turns: 5453, Time: 00:02:25

Health: -1/55      AC: 13    Str: 12    XL:     9   Next: 39%
Magic:  10/11      EV: 15    Int: 14    God:    Okawaru [*.....]
Gold:   212        SH:  0    Dex: 16    Spells: 9/10 levels left

rFire   . . .        Y - +1 orcbow
rCold   . . .        (shield currently unavailable)
rNeg    + . .        d - +0 troll leather armour {Pargi}
rPois   inf          (no helmet)
rElec   +            (no cloak)
rCorr   .            a - +0 pair of gloves
SInv    .            (no boots)
Will    .....        (no amulet)
Stlth   +++          (no ring)
HPRegen 1.09/turn    (no ring)
MPRegen 0.12/turn

%: no passive effects
@: heroic
A: sickness immunity, AC +6, negative energy resistance 1, electricity
resistance, torment resistance 1, petrification resistance
a: Renounce Religion, Heroism


You were on level 7 of the Dungeon.
You worshipped Okawaru.
Okawaru was aware of your devotion.
You visited 2 branches of the dungeon, and saw 8 of its levels.
You also visited: Sewer.

You collected 296 gold pieces.
You spent 84 gold pieces at shops.


Innate Abilities, Weirdness & Mutations

You are immune to sickness and miasma.
Your stone body is resilient. (AC +6)
You are immune to poison.
You resist negative energy. (rN+)
You are resistant to electric shocks. (rElec)
You are resistant to unholy torment.
You are immune to petrification.


   Skills:
 - Level 6.0(11.0) Fighting
 - Level 10.0(15.0) Ranged Weapons
 - Level 2.2(7.2) Armour
 + Level 2.9(7.9) Dodging
 - Level 1.0 Spellcasting
 - Level 2.6 Hexes
 + Level 3.2 Invocations


You had 9 spell levels left.
You knew the following spells:

 Your Spells              Type           Power      Damage    Failure   Level
a - Slow                  Hex            32%        N/A       11%         1

Your spell library contained the following spells:

 Spells                   Type           Power      Damage    Failure   Level
 Inner Flame              Hex/Fire       4%         N/A       50%         3
 Portal Projectile        Hex/Tloc       8%         N/A       50%         3
 Cause Fear               Hex            4%         N/A       71%         4

Inventory:

Hand Weapons
 Y - a +1 orcbow (weapon)
Armour
 a - a +0 pair of gloves (worn)
 d - a +0 troll leather armour (worn) {Pargi}
Jewellery
 k - a ring of ice
Scrolls
 b - a scroll of identify
Potions
 c - 3 potions of heal wounds
 f - a potion of haste
 g - 3 potions of enlightenment
 h - 6 potions of curing
 i - a potion of mutation {unknown}
 j - 2 potions of cancellation

Dungeon Overview and Level Annotations

Branches:
Dungeon (7/15)             Temple (1/1) D:6           Sewer (visited)

Altars:
Ashenzari
Cheibriados
Dithmenos
Elyvilon
Fedhas
Gozag
Hepliaklqana
Kikubaaqudgha
Makhleb
Nemelex Xobeh
Okawaru
Qazlal
Ru
Sif Muna
Trog
Uskayaw
Vehumet
Wu Jian
Xom
Yredelemnul
Zin
The Shining One

Shops:
D:4 **

Annotations:
D:2 1 runed translucent door, Crazy Yiuf
D:3 2 transporters, qw's ghost, amateur MiHs


Message History

The howler monkey hoots and howls with incredible vigour!
You hear a shout!
You shoot an arrow.
The arrow barely misses the howler monkey.
You shoot an arrow.
The arrow closely misses the howler monkey.
You shoot an arrow. The arrow hits the howler monkey!
You kill the howler monkey!
Okawaru accepts your kill.
A boulder beetle comes into view.
5443 ||| INVOKING Heroism.
You gain the combat prowess of a mighty hero.
The boulder beetle curls into a ball and begins rolling!
You shoot an arrow.
The arrow hits the boulder beetle but does no damage.
You shoot an arrow.
The arrow hits the boulder beetle but does no damage.
You shoot an arrow.
The arrow hits the boulder beetle but does no damage.
You shoot an arrow.
The arrow hits the boulder beetle but does no damage.
The boulder beetle hits you!!
The boulder beetle stops rolling and uncurls.
You shoot an arrow.
The arrow hits the boulder beetle but does no damage.
The boulder beetle leaps!
You shoot an arrow.
The arrow hits the boulder beetle but does no damage.
You shoot an arrow.
The arrow hits the boulder beetle but does no damage.
The boulder beetle curls into a ball and begins rolling!
You shoot an arrow.
The arrow hits the boulder beetle but does no damage.
You shoot an arrow.
The arrow hits the boulder beetle but does no damage.
You shoot an arrow.
The arrow hits the boulder beetle but does no damage.
The boulder beetle hits you!!!
Ouch! That really hurt!
You die...

#.# #.# #.# #.#
#########.#
#.).......#
#.#########
##..###)########
.......@B0......
....###.8.00..8.
## #.....0...
#.........
#.....>...
..........
..........
.#.8.....8.


You could see a boulder beetle (rolling).

Vanquished Creatures
  2 water moccasins
  Pargi (D:3)
  An orc warrior (D:7)
  2 sky beasts
  An ice beast (D:5)
  A black bear (D:6)
  An ogre (D:4)
  2 centaurs (D:5)
  2 phantoms
  2 kobold brigands (Sewer)
  A bullfrog (D:6)
  3 scorpions
  A howler monkey (D:7)
  3 hounds
  4 orc priests
  A jelly (D:6)
  4 iguanas (D:5)
  5 orc wizards
  8 adders
  7 river rats
  A shadow imp (D:7)
  2 ufetubi
  A worm (D:4)
  2 dart slugs (D:1)
  13 orcs
  4 bats
  6 endoplasms
  3 giant cockroaches
  7 goblins
  9 hobgoblins
  8 kobolds
  4 quokkas
  8 ball pythons
  7 frilled lizards
  8 rats
135 creatures vanquished.

Notes
Turn   | Place    | Note
-------+----------+-------------------------------------------
     0 | D:1      | qw the Gargoyle Hexslinger began the quest for the Orb.
     0 | D:1      | Reached XP level 1. HP: 12/12 MP: 2/2
     0 | D:1      | 0 ||| qw: Version: 0.3-a-46-gb1f654a
     0 | D:1      | 0 ||| qw: Game counter: 1200
     0 | D:1      | 0 ||| qw: Melee chars always use a shield: true
     0 | D:1      | 0 ||| qw: God list: Okawaru
     0 | D:1      | 0 ||| qw: Allow faded altars: false
     0 | D:1      | 0 ||| qw: Do Orc after clearing Dungeon:15 true
     0 | D:1      | 0 ||| qw: Do second Lair branch before Depths: true
     0 | D:1      | 0 ||| qw: Lair rune preference: random
     0 | D:1      | 0 ||| qw: Goals: Normal
     0 | D:1      | 0 ||| PLANNING D:1-11
    49 | D:1      | Reached XP level 2. HP: 15/16 MP: 3/3
    67 | D:1      | Reached skill level 3 in Ranged Weapons
    67 | D:1      | HP: 4/16 [frozen (3)]
   287 | D:1      | Reached XP level 3. HP: 21/21 MP: 4/4
   549 | D:1      | 549 ||| UPGRADING to +0 ring mail.
   559 | D:1      | 559 ||| DROPPING +0 robe.
   560 | D:1      | 560 ||| READING scroll labelled KOP ESKA SIESA.
   561 | D:1      | 561 ||| READING scroll labelled QAEPNEU UFEJIA.
   562 | D:1      | 562 ||| READING scroll labelled KISIOH HEGHUL.
   563 | D:1      | 563 ||| READING scroll labelled ZOPSUERANO.
   564 | D:1      | 564 ||| DRINKING 2 fizzy red potions.
   565 | D:1      | 565 ||| DROPPING scroll of poison.
   667 | D:2      | Found a runed translucent door.
   668 | D:2      | Noticed Crazy Yiuf
  1493 | D:2      | 1493 ||| READING scroll labelled MAIPUR YLETE NEA.
  1574 | D:2      | 1574 ||| DRINKING 2 fizzy pink potions.
  1575 | D:2      | 1575 ||| DRINKING 2 sedimented pink potions.
  1576 | D:2      | 1576 ||| DROPPING potion of magic.
  1662 | D:3      | Reached skill level 4 in Ranged Weapons
  1662 | D:3      | Reached XP level 4. HP: 23/26 MP: 5/5
  1707 | D:3      | Reached skill level 1 in Armour
  1772 | D:3      | Found a transporter.
  1775 | D:3      | Found a transporter.
  1775 | D:3      | Noticed qw's ghost (amateur MiHs)
  1775 | D:3      | Identified the +7 dire flail of Zomnu {flame, rN+ Will+}
  1775 | D:3      | Noticed an ogre
  1953 | D:3      | Noticed Pargi
  1967 | D:3      | HP: 4/26 [Pargi (3)]
  1968 | D:3      | Killed Pargi
  1969 | D:3      | Reached skill level 5 in Ranged Weapons
  1969 | D:3      | Reached XP level 5. HP: 5/30 MP: 6/6
  2073 | D:3      | Found a faded altar of an unknown god.
  2114 | D:3      | 2114 ||| UPGRADING to +0 pair of gloves.
  2119 | D:3      | 2119 ||| UPGRADING to +0 troll leather armour {Pargi}.
  2129 | D:3      | 2129 ||| DROPPING +0 ring mail.
  2144 | D:4      | 2144 ||| PLANNING SEWER
  2150 | D:4      | 2150 ||| STAIRDANCE
  2155 | D:3      | HP: 5/30 [frozen (5)]
  2162 | D:3      | HP: 5/30 [frozen (2)]
  2238 | D:4      | Reached skill level 3 in Fighting
  2238 | D:4      | Reached XP level 6. HP: 32/37 MP: 7/7
  2310 | D:4      | Reached skill level 6 in Ranged Weapons
  2359 | D:4      | Found Enyghiv's General Store.
  2361 | D:4      | Found Omies's Specific Store.
  2368 | D:4      | 2368 ||| SHOPLISTING -2 hat of the Alchemist {rElec rPois
                  | rF+ rC+ rN+ Will+ rMut rCorr} (566 gold, have 89).
  2368 | D:4      | 2368 ||| BUYING scroll of identify (24 gold).
  2368 | D:4      | Bought a scroll of identify for 24 gold pieces
  2368 | D:4      | 2368 ||| BUYING scroll of identify (24 gold).
  2368 | D:4      | Bought a scroll of identify for 24 gold pieces
  2368 | D:4      | 2368 ||| BUYING scroll of teleportation (36 gold).
  2368 | D:4      | Bought a scroll of teleportation for 36 gold pieces
  2540 | D:4      | Found a glowing drain.
  2541 | D:4      | 2541 ||| READING scroll labelled BIBEGUPNIH.
  2542 | D:4      | 2542 ||| READING scroll labelled VOEWARGHECYN.
  2543 | D:4      | 2543 ||| READING 3 scrolls of identify.
  2543 | D:4      | 2543 ||| IDENTIFYING cyan potion
  2544 | D:4      | 2544 ||| READING 2 scrolls of identify.
  2544 | D:4      | 2544 ||| IDENTIFYING glowing cyan potion
  2545 | D:4      | 2545 ||| DROPPING potion of lignification.
  2562 | Sewer    | Entered a sewer
  2666 | Sewer    | 2666 ||| Stepping ~*~*~tactically~*~*~ (water).
  2677 | Sewer    | Reached XP level 7. HP: 44/44 MP: 8/8
  2716 | Sewer    | Found a white marble altar of Elyvilon.
  2759 | D:4      | 2759 ||| PLANNING D:1-11
  2899 | D:4      | Found a burning altar of Makhleb.
  3112 | D:5      | Entered Level 5 of the Dungeon
  3224 | D:5      | Found a sparkling altar of Nemelex Xobeh.
  3249 | D:5      | Reached skill level 7 in Ranged Weapons
  3286 | D:5      | 3286 ||| SWAPPING to +0 orcbow.
  3291 | D:5      | 3291 ||| DROPPING +2 sling of flaming.
  3323 | D:5      | Reached XP level 8. HP: 48/48 MP: 9/9
  3663 | D:5      | Reached skill level 8 in Ranged Weapons
  3960 | D:5      | 3960 ||| READING scroll labelled BALONU OJIR.
  4034 | D:6      | 4034 ||| READING scroll of enchant weapon.
  4034 | D:6      | 4034 ||| ENCHANTING +0 orcbow.
  4048 | D:6      | 4048 ||| FLEEEEING.
  4049 | D:6      | 4049 ||| FLEEEEING.
  4050 | D:6      | 4050 ||| FLEEEEING.
  4051 | D:6      | 4051 ||| FLEEEEING.
  4052 | D:6      | 4052 ||| FLEEEEING.
  4192 | D:6      | Found a staircase to the Ecumenical Temple.
  4193 | D:6      | 4193 ||| PLANNING TEMPLE
  4198 | Temple   | Entered the Ecumenical Temple
  4309 | Temple   | 4309 ||| PLANNING OKAWARU WORSHIP
  4509 | Temple   | Became a worshipper of Warmaster Okawaru
  4510 | Temple   | 4510 ||| PLANNING D:1-11
  4622 | D:6      | Reached skill level 9 in Ranged Weapons
  4641 | D:6      | HP: 10/49 [ice beast (12)]
  4642 | D:6      | 4642 ||| READING scroll of teleportation.
  4643 | D:6      | 4643 ||| DRINKING 4 potions of heal wounds.
  4729 | D:6      | Reached skill level 6 in Fighting
  4729 | D:6      | 4729 ||| FLEEEEING.
  4730 | D:6      | 4730 ||| FLEEEEING.
  4731 | D:6      | 4731 ||| FLEEEEING.
  4732 | D:6      | 4732 ||| FLEEEEING.
  4733 | D:6      | 4733 ||| FLEEEEING.
  4734 | D:6      | 4734 ||| FLEEEEING.
  4735 | D:6      | 4735 ||| FLEEEEING.
  4736 | D:6      | 4736 ||| FLEEEEING.
  4737 | D:6      | 4737 ||| FLEEEEING.
  4738 | D:6      | 4738 ||| FLEEEEING.
  4813 | D:6      | Reached * piety under Okawaru
  4836 | D:6      | Reached skill level 1 in Invocations
  4836 | D:6      | Reached XP level 9. HP: 55/55 MP: 10/10
  4839 | D:6      | 4839 ||| INVOKING Heroism.
  4984 | D:6      | Reached skill level 10 in Ranged Weapons
  5251 | D:6      | 5251 ||| READING 3 scrolls of identify.
  5251 | D:6      | 5251 ||| IDENTIFYING bubbling amethyst potion
  5252 | D:6      | 5252 ||| READING 2 scrolls of identify.
  5252 | D:6      | 5252 ||| IDENTIFYING sedimented clear potion
  5253 | D:6      | 5253 ||| DROPPING potion of degeneration.
  5395 | D:7      | 5395 ||| INVOKING Heroism.
  5435 | D:7      | Reached skill level 3 in Invocations
  5442 | D:7      | Noticed a boulder beetle
  5443 | D:7      | 5443 ||| INVOKING Heroism.
  5453 | D:7      | Slain by a boulder beetle

Levels and vault maps discovered:
D:1:      ebering_trefoil_twist, layout_basic, minmay_tromino_i4
D:2:      layout_basic, uniq_crazy_yiuf_cottage
D:3:      layout_rooms, chequers_ecumenical_altar_simple_redux,
          gammafunk_ghost_smash, uniq_pargi
D:4:      layout_basic, makhleb_heckhound_becter, portal_sewer_entry_b,
          minmay_statues_item, glass_columns_c, nicolae_specific_store
D:5:      layout_basic, lemuel_crystal_altar
D:6:      layout_loops_corners, minmay_temple_entry_nine_rooms
D:7:      layout_loops_corners, st_stairs_1
Temple:   mainiacjoe_temple_cubbyholes

Skill      XL: |  1  2  3  4  5  6  7  8  9 |
---------------+----------------------------+-----
Ranged Weapons | 3 4 5 6 7 9 10 | 10.0
Fighting       | 2 3 4 6 |  6.0
Armour         | 1 2 |  2.2
Dodging        | 2 |  2.9
Invocations    | 1 3 |  3.2
Spellcasting   | |  1.0
Hexes          | |  2.6

Action                     |  1- 3 |  4- 6 |  7- 9 || total
---------------------------+-------+-------+-------++-------
   Fire: Sling             |   123 |   170 |    53 ||   346
         Orcbow            |       |       |   294 ||   294
 Invoke: Heroism           |       |       |     3 ||     3
    Use: Scroll            |     5 |     4 |     5 ||    14
         Potion            |     3 |       |     1 ||     4
 Armour: Robe              |    20 |       |       ||    20
         Ring mail         |    17 |    23 |       ||    40
         Troll leather arm |       |    43 |   104 ||   147
  Dodge: Dodged            |    74 |    79 |    99 ||   252

Table legend:
 A = Non-vault XP
 B = Vault XP
 C = Vault XP percentage of total XP
 D = Non-vault monster count
 E = Vault monster count
 F = Vault count percentage of total count
                 A         B        C        D         E       F
            +---------+---------+-------+---------+---------+-------
      Total |    2540 |     719 |  22.1 |     114 |      21 |  15.6
            +---------+---------+-------+---------+---------+-------
        D:1 |      49 |       1 |   2.0 |      27 |       1 |   3.6
        D:2 |      28 |       0 |   0.0 |      11 |       0 |   0.0
        D:3 |      65 |     141 |  68.4 |      16 |       1 |   5.9
        D:4 |     210 |      61 |  22.5 |      16 |       5 |  23.8
        D:5 |     711 |       0 |   0.0 |      16 |       0 |   0.0
        D:6 |    1129 |       0 |   0.0 |      24 |       0 |   0.0
        D:7 |     348 |     244 |  41.2 |       4 |       2 |  33.3
      Sewer |       0 |     272 | 100.0 |       0 |      12 | 100.0
            +---------+---------+-------+---------+---------+-------
